 Dungeon Crawl Stone Soup version 0.31-a0-358-gac0dbeb3ab (webtiles) character file.

Game seed: 7332832295358245275

6153 AdnanSaban the Basher (level 10, 0/63 HPs)
             Began as a Gargoyle Fighter on July 25, 2023.
             Was a High Priest of Okawaru.
             Slain by a wyvern (2 damage)
             ... on level 8 of the Dungeon.
             The game lasted 00:13:43 (7737 turns).

AdnanSaban the Basher (Gargoyle Fighter)            Turns: 7737, Time: 00:13:44

Health: 0/63       AC: 22    Str: 22 (24) XL:     10   Next: 90%
Magic:  0/10       EV: 14    Int:  6 (9)  God:    Okawaru [*****.]
Gold:   272        SH:  5    Dex:  7 (9)  Spells: 9/9 levels left

rFire   . . .        A - +4 mace
rCold   . . .        c - +0 buckler
rNeg    + . .        h - +0 chain mail
rPois   ∞            t - +2 hat
rElec   +            (no cloak)
rCorr   +            y - +1 pair of gloves
SInv    .            (no boots)
Will    .....        s - amulet of guardian spirit Stlth
                     i - +5 ring of evasion
HPRegen 0.30/turn    r - ring of resist corrosion
MPRegen 0.12/turn

%: guardian spirit
@: marked
A: sickness immunity, AC +7, negative energy resistance 1, electricity
resistance, torment resistance 1, petrification resistance
a: Renounce Religion, Heroism, Finesse, Duel


You were on level 8 of the Dungeon.
You worshipped Okawaru.
Okawaru was extremely pleased with you.
You visited 2 branches of the dungeon, and saw 10 of its levels.

You collected 272 gold pieces.

Inventory:

Hand Weapons
 A - a +4 mace (weapon)
 E - a +2 whip of pain
Missiles
 p - 26 poisoned darts (quivered)
 G - 2 throwing nets
Armour
 c - a +0 buckler (worn)
 h - a +0 chain mail (worn)
 t - a +2 hat (worn)
 y - a +1 pair of gloves (worn)
Jewellery
 i - a +5 ring of evasion (left hand)
 r - a ring of resist corrosion (right hand)
 s - an amulet of guardian spirit (around neck)
 J - a ring of ice
Scrolls
 e - 2 scrolls of enchant armour {unknown}
 g - 3 scrolls of immolation {unknown}
 j - a scroll of blinking {unknown}
 k - 2 scrolls of enchant weapon {unknown}
 l - 3 scrolls of butterflies {unknown}
 n - a scroll of amnesia {unknown}
 o - a scroll of brand weapon {unknown}
 q - 6 scrolls of identify {unknown}
 u - a scroll of revelation {unknown}
 x - 7 scrolls of teleportation {unknown}
 H - a scroll of vulnerability {unknown}
 I - a scroll of fog {unknown}
Potions
 a - a potion of resistance {unknown}
 b - a potion of berserk rage {unknown}
 d - 2 potions of might
 f - a potion of heal wounds {unknown}
 m - 2 potions of lignification {unknown}
 v - 2 potions of enlightenment {unknown}
 w - 2 potions of degeneration
 z - a potion of curing
 B - a potion of mutation {unknown}
 C - 2 potions of ambrosia {unknown}
 D - a potion of attraction {unknown}
 F - a potion of haste {unknown}


   Skills:
 + Level 7.6 Fighting
 + Level 11.5 Maces & Flails
 + Level 0.5 Throwing
 + Level 8.2 Armour
 + Level 3.0 Dodging
 + Level 6.8 Shields


You had 9 spell levels left.
You didn't know any spells.
Your spell library contained the following spells:

 Spells                   Type           Power      Damage    Failure   Level
 Necrotise                Necr           0%         1d4       97%         1
 Slow                     Hex            0%         N/A       97%         1
 Lesser Beckoning         Tloc           0%         N/A       99%         2
 Confusing Touch          Hex            0%         N/A       100%        3
 Frozen Ramparts          Ice            0%         1d1       100%        3
 Gell's Gravitas          Tloc           0%         N/A       100%        3
 Ignite Poison            Fire/Tmut/Pois 0%         N/A       100%        3
 Teleport Other           Tloc           0%         N/A       100%        3
 Vampiric Draining        Necr           0%         2d6       100%        3
 Vhi's Electric Charge    Tloc/Air       0%         N/A       100%        3
 Petrify                  Tmut/Erth      0%         N/A       100%        4
 Sticky Flame             Conj/Fire      0%         2d3       100%        4
 Agony                    Necr           0%         N/A       100%        5
 Arcjolt                  Conj/Air       0%         1d10      100%        5
 Metabolic Englaciation   Hex/Ice        0%         N/A       100%        5
 Ignition                 Fire           0%         3d3       100%        8
 Maxwell's Capacitive Co  Air            0%         ∞         100%        8


Dungeon Overview and Level Annotations

Branches:
Dungeon (9/15)             Temple (1/1) D:6
   Lair: D:8-11         Orc: D:9-12

Altars:
Ashenzari
Cheibriados
Dithmenos
Elyvilon
Fedhas
Gozag
Hepliaklqana
Kikubaaqudgha
Makhleb
Nemelex Xobeh
Okawaru
Qazlal
Ru
Sif Muna
Trog
Uskayaw
Vehumet
Wu Jian
Xom
Yredelemnul
Zin
The Shining One

Shops:
D:1 *   D:4 ?

Annotations:
D:8 exclusion: ice statue
D:9 2 runed translucent doors, Harold


Innate Abilities, Weirdness & Mutations

You are immune to sickness and miasma.
Your stone body is resilient. (AC +7)
You are immune to poison.
You resist negative energy. (rN+)
You are resistant to electric shocks. (rElec)
You are resistant to unholy torment.
You are immune to petrification.


Message History

* * * LOW HITPOINT WARNING * * *
The killer bee stings you.
* * * LOW HITPOINT WARNING * * *
You hit the killer bee.
The killer bee is severely wounded.
The killer bee closely misses you.
The wyvern bites you but does no damage.
The killer bee misses you. The wyvern closely misses you.
You barely miss the killer bee.
The killer bee is severely wounded.
You block the killer bee's attack. The wyvern misses you.
The killer bee closely misses you.
You barely miss the killer bee.
The killer bee is severely wounded.
The killer bee barely misses you. The wyvern bites you.
* * * LOW HITPOINT WARNING * * *
You thump the killer bee!
You kill the killer bee!
Okawaru accepts your kill.
The wyvern bites you but does no damage.
Your Dodging skill increases to level 3!
You feel better. The wyvern closely misses you.
The wyvern bites you but does no damage.
You closely miss the wyvern. The wyvern closely misses you.
You hit the wyvern but do no damage.
The wyvern bites you but does no damage.
You hit the wyvern.
The wyvern is moderately wounded.
The wyvern barely misses you. The wyvern misses you.
You thump the wyvern!
The wyvern is heavily wounded.
The wyvern barely misses you.
You closely miss the wyvern.
The wyvern is heavily wounded.
The wyvern bites you!
* * * LOW HITPOINT WARNING * * *
You barely miss the wyvern.
The wyvern is heavily wounded.
The wyvern bites you.
You die...

#####
####...###########
(.()...#.......l@#
.###.....#######†#
.######### #.# ...#
####.### .#.# #......#
...# ########.##.#.#
...# #.....##.##...#
...###.....##.###..#
#.(........##.###..###


You could see a wyvern.

Vanquished Creatures
  A two-headed ogre (D:8)
  Psyche (D:9)
  A troll (D:9)
  4 yaks (D:9)
  6 steam dragons
  2 wyverns
  3 water moccasins
  4 ice beasts
  An ogre (D:8)
  2 black bears
  A centaur (D:7)
  2 phantoms
  3 kobold brigands
  2 bullfrogs
  A gnoll sergeant (D:6)
  2 scorpions (D:6)
  15 wights
  A killer bee (D:8)
  6 hounds
  2 gnoll boudas (D:7)
  An orc priest (D:6)
  4 sleepcaps
  A jelly (D:7)
  3 iguanas
  4 orc wizards (D:6)
  14 gnolls
  6 adders
  A shadow imp (D:7)
  An ufetubus (D:5)
  2 worms
  2 dart slugs (D:1)
  23 orcs
  9 ball pythons
  10 bats
  6 endoplasms
  6 giant cockroaches
  12 goblins
  7 hobgoblins
  4 jackals (D:2)
  A quokka (D:1)
  4 frilled lizards
  22 kobolds
  10 rats
213 creatures vanquished.

Notes
Turn   | Place    | Note
-------+----------+-------------------------------------------
     0 | D:1      | AdnanSaban the Gargoyle Fighter began the quest for the
                  | Orb.
     0 | D:1      | Reached XP level 1. HP: 14/14 MP: 1/1
    73 | D:1      | Reached XP level 2. HP: 4/19 MP: 2/2
   181 | D:1      | Found Oklerugh's Assorted Antiques.
   303 | D:1      | Reached XP level 3. HP: 24/24 MP: 3/3
   926 | D:2      | Reached XP level 4. HP: 26/29 MP: 4/4
   974 | D:2      | Reached skill level 3 in Maces & Flails
  1766 | D:3      | Reached XP level 5. HP: 33/33 MP: 5/5
  1885 | D:3      | Reached skill level 4 in Maces & Flails
  2366 | D:4      | Found Hugrue's Magic Scroll Boutique.
  2473 | D:4      | Noticed a water moccasin
  2487 | D:4      | Killed a water moccasin
  2488 | D:4      | Reached XP level 6. HP: 38/38 MP: 6/6
  2516 | D:4      | Reached skill level 5 in Maces & Flails
  2578 | D:4      | Found an iron altar of Okawaru.
  2579 | D:4      | Found a white marble altar of Elyvilon.
  2582 | D:4      | Became a worshipper of Warmaster Okawaru
  2918 | D:5      | Entered Level 5 of the Dungeon
  3192 | D:5      | Reached XP level 7. HP: 44/44 MP: 7/7
  3198 | D:5      | Found an ornate altar of the Wu Jian Council.
  3322 | D:5      | Reached skill level 1 in Dodging
  3714 | D:6      | Found a staircase to the Ecumenical Temple.
  3722 | D:6      | Reached skill level 6 in Maces & Flails
  3728 | Temple   | Entered the Ecumenical Temple
  3764 | D:5      | Reached * piety under Okawaru
  3801 | D:6      | Reached XP level 8. HP: 34/48 MP: 5/8
  3885 | D:6      | Reached skill level 5 in Armour
  3898 | D:6      | Reached skill level 7 in Maces & Flails
  4175 | D:6      | Found a sparkling altar of Nemelex Xobeh.
  4180 | D:6      | Reached skill level 5 in Fighting
  4285 | D:6      | Reached ** piety under Okawaru
  4286 | D:6      | Reached skill level 5 in Shields
  4302 | D:6      | Reached skill level 8 in Maces & Flails
  4333 | D:6      | You fall into a shaft and drop 1 floor!
  4451 | D:7      | Reached XP level 9. HP: 45/54 MP: 7/9
  4681 | D:7      | Reached skill level 9 in Maces & Flails
  4788 | D:7      | Reached *** piety under Okawaru
  5867 | D:7      | Reached skill level 10 in Maces & Flails
  5988 | D:8      | Reached **** piety under Okawaru
  6005 | D:8      | Reached XP level 10. HP: 41/61 MP: 7/10
  6287 | D:8      | Noticed a two-headed ogre
  6298 | D:8      | Killed a two-headed ogre
  6299 | D:8      | Reached skill level 11 in Maces & Flails
  6426 | D:8      | Noticed an ice statue
  6932 | D:9      | Found a stormy altar of Qazlal.
  7137 | D:9      | Reached ***** piety under Okawaru
  7464 | D:9      | Found a shimmering altar of Xom.
  7481 | D:9      | Found a runed translucent door.
  7481 | D:9      | Noticed an eight-headed hydra
  7483 | D:9      | Noticed a cyclops
  7516 | D:9      | Noticed Psyche
  7583 | D:9      | Killed Psyche
  7675 | D:9      | Found a runed translucent door.
  7688 | D:9      | Noticed Harold
  7721 | D:9      | HP: 3/63 [disintegration (14)]
  7736 | D:8      | HP: 2/63 [wyvern (13)]
  7737 | D:8      | Slain by a wyvern

Illustrated notes

Levels and vault maps discovered:
D:1:      matt_arrival_refuge, layout_loops_ring, serial_shops, shop,
          corexii_corridor_pit, st_stairs_3, minmay_tromino_v4_a
D:2:      layout_rooms, nicolae_underground_beach
D:3:      layout_basic
D:4:      layout_rooms, mainiacjoe_overflow_divided_tiny, serial_shops, shop
D:5:      layout_basic, mainiacjoe_overflow_six_doors_small
D:6:      layout_basic, nemelex_diamond_rough_becter, minmay_temple_entry_trees,
          chequers_arboretum, kennysheep_path_1
D:7:      layout_basic, grunt_ministairs_8
D:8:      lemuel_ice_statue, layout_loops_cross, minmay_misc_feat_x,
          grunt_ogre_cave
D:9:      minmay_the_grid_triangle_9x9_rhombus_thin_mashed
          [minmay_the_grid_triangle_9x9_cache,
          minmay_the_grid_triangle_9x9_prize_special,
          minmay_the_grid_triangle_9x9_from_above,
          minmay_the_grid_triangle_9x9_fully_insulated_deathbox],
          layout_stronghold, general_overflow_altar,
          nicolae_qazlal_style_of_elements, uniq_psyche, uniq_gastronok,
          uniq_harold
Temple:   regret_index_temple_sphere_string

Skill      XL: |  1  2  3  4  5  6  7  8  9 10 |
---------------+-------------------------------+-----
Maces & Flails | 3 4 5 6 8 10 11 | 11.5
Armour         | 4 5 6 8 |  8.2
Fighting       | 4 5 6 7 |  7.6
Shields        | 4 5 6 |  6.8
Dodging        | 1 2 3 |  3.0
Throwing       | |  0.5

Action                     |  1- 3 |  4- 6 |  7- 9 | 10-12 || total
---------------------------+-------+-------+-------+-------++-------
  Melee: Flail             |   115 |   265 |    17 |       ||   397
         Mace              |       |       |   384 |   197 ||   581
         Unarmed           |       |       |       |     3 ||     3
  Throw: Dart              |       |       |       |     6 ||     6
    Use: Potion            |       |       |       |     3 ||     3
 Armour: Scale mail        |    12 |       |       |       ||    12
         Chain mail        |    81 |   129 |   172 |    95 ||   477
         Skin              |       |       |       |     6 ||     6
  Dodge: Dodged            |    97 |   183 |   207 |   157 ||   644
  Block: Buckler           |    31 |    59 |    86 |    50 ||   226

Table legend: (Time is in decaauts)
 A = Elapsed time spent in this place.
 B = Non-inter-level travel time spent in this place.
 C = Inter-level travel time spent in this place.
 D = Time resting spent in this place.
 E = Time spent auto-exploring this place.
 F = Levels seen in this place.
 G = Mean time per level.
                   A        B        C        D        E       F      G
               +--------+--------+--------+--------+--------+-----+--------+
         Total |   7815 |   7510 |    305 |    274 |   5427 |  10 |  781.5 |
       Dungeon |   7813 |   7508 |    305 |    274 |   5427 |   9 |  868.1 |
        Temple |      1 |      1 |      0 |      0 |      0 |   1 |    1.0 |
               +--------+--------+--------+--------+--------+-----+--------+

Top non-repeatable levels by time:
     D:7: 1199 daAuts
     D:6: 1044 daAuts
     D:3: 960 daAuts
     D:8: 954 daAuts
     D:1: 918 daAuts
     D:5: 801 daAuts
     D:9: 789 daAuts
     D:4: 601 daAuts
     D:2: 543 daAuts
  Temple: 1 daAuts
